 Dungeon Crawl Stone Soup version 0.30.0-19-g36f170ea60 (webtiles) character file.

Game seed: 31091122137342225

434 Eitelfritz the Chopper (level 7, 0/61 HPs)
             Began as a Hill Orc Fighter on May 26, 2023.
             Was an Initiate of Hepliaklqana.
             Slain by an ogre
             ... wielding a +0 giant club
              (18 damage)
             ... on level 5 of the Dungeon.
             The game lasted 00:06:58 (3393 turns).

Eitelfritz the Chopper (Hill Orc Fighter)           Turns: 3393, Time: 00:06:59

Health: 0/61       AC:  8    Str: 21    XL:     7   Next: 0%
Magic:  7/7        EV:  9    Int:  8    God:    Hepliaklqana [......]
Gold:   12         SH:  4    Dex: 10    Spells: 6/6 levels left

rFire   . . .        a - +0 war axe
rCold   . . .        c - +0 buckler
rNeg    . . .        b - +0 scale mail
rPois   .            p - +0 helmet
rElec   .            (no cloak)
rCorr   .            (no gloves)
SInv    .            (no boots)
Will    .....        (no amulet) Stlth
                     (no ring)
HPRegen 0.30/turn    (no ring)
MPRegen 0.10/turn

%: no passive effects
@: no status effects
A: no striking features
a: Renounce Religion


You were on level 5 of the Dungeon.
You worshipped Hepliaklqana.
Hepliaklqana was noncommittal.
You visited 2 branches of the dungeon, and saw 6 of its levels.

You collected 194 gold pieces.
You spent 182 gold pieces at shops.

Inventory:

Hand Weapons
 a - a +0 war axe (weapon)
 q - a +2 long sword of holy wrath
 u - a +0 morningstar
Missiles
 k - 17 poisoned darts (quivered)
Armour
 b - a +0 scale mail (worn)
 c - a +0 buckler (worn)
 p - a +0 helmet (worn)
Scrolls
 d - a scroll of blinking {unknown}
 e - 3 scrolls of teleportation
 f - 2 scrolls of poison {unknown}
 g - 2 scrolls of enchant weapon {unknown}
 h - a scroll of amnesia {unknown}
 l - a scroll of enchant armour {unknown}
 n - a scroll of fear {unknown}
 o - 2 scrolls of immolation
 s - a scroll of fog
 t - a scroll of magic mapping {unknown}
Potions
 i - a potion of attraction
 j - a potion of haste
 m - 2 potions of mutation
 r - 2 potions of curing
 v - a potion of berserk rage
 w - a potion of magic


   Skills:
 + Level 5.0 Fighting
 + Level 6.9 Axes
 + Level 4.6 Armour
 + Level 1.0 Dodging
 + Level 0.5 Stealth
 + Level 3.9 Shields


You had 6 spell levels left.
You didn't know any spells.
Your spell library contained the following spells:

 Spells                   Type           Power      Damage    Failure   Level
 Freeze                   Ice            0%         1d3       80%         1
 Ensorcelled Hibernation  Hex/Ice        0%         N/A       91%         2
 Passwall                 Tmut/Erth      0%         N/A       91%         2
 Frozen Ramparts          Ice            0%         1d1       99%         3
 Hailstorm                Conj/Ice       0%         3d3       99%         3
 Ignite Poison            Fire/Tmut/Pois 0%         N/A       99%         3
 Swiftness                Air            0%         N/A       99%         3
 Sticky Flame             Conj/Fire      0%         2d3       100%        4
 Malign Gateway           Summ/Tloc      0%         N/A       100%        7
 Ignition                 Fire           0%         3d3       100%        8
 Summon Horrible Things   Summ           0%         N/A       100%        8


Dungeon Overview and Level Annotations

Branches:
Dungeon (5/15)             Temple (1/1) D:4

Altars:
Ashenzari
Cheibriados
Dithmenos
Elyvilon
Fedhas
Gozag
Hepliaklqana
Makhleb
Okawaru
Ru
Sif Muna
Trog
Vehumet
Wu Jian
Xom
Yredelemnul
Zin
The Shining One

Shops:
D:3 ?

Annotations:
D:1 2 transporters


Message History

Press: ? - help, Q - select action Shift-Dir - straight line, f - ogre
Aim: an ogre, wielding a +0 giant club (73% to hit)
You throw a poisoned dart.
The poisoned dart barely misses the ogre.
Unknown command.
You hit the ogre but do no damage. The ogre closely misses you.
You hit the ogre.
The ogre is moderately wounded.
The ogre hits you with a +0 giant club!!
You hit the ogre.
The ogre is moderately wounded.
The ogre barely misses you.
You hit the ogre.
The ogre is heavily wounded.
You barely miss the ogre.
The ogre is heavily wounded.
You hear the slow rusting of a very distant drain.
The ogre closely misses you.
You barely miss the ogre.
The ogre is heavily wounded.
You block the ogre's attack.
You barely miss the ogre.
The ogre is heavily wounded.
The ogre hits you with a +0 giant club!
You hit the ogre.
The ogre is heavily wounded.
The ogre closely misses you.
You hit the ogre.
The ogre is heavily wounded.
You barely miss the ogre.
The ogre is heavily wounded.
The ogre hits you with a +0 giant club.
You slash the ogre!
The ogre is almost dead.
The ogre hits you with a +0 giant club!
* * * LOW HITPOINT WARNING * * *
You barely miss the ogre.
The ogre is almost dead.
The ogre hits you with a +0 giant club!!
You die...

#..#..........#
###....<......###
#.............#
#.........#...#
###.#..#.#.........
#............^...##
######.##..........
#.##.........#
#@....#.......
#O#...# #.#.#.# #.#
. # #.# #. #(. .#
### #


You could see an ogre.

Vanquished Creatures
  An orc warrior (D:4)
  An ice beast (D:5)
  A hound (D:5)
  An orc priest (D:3)
  An orc wizard (D:4)
  3 adders
  An ufetubus (D:4)
  2 worms
  2 dart slugs
  18 orcs
  9 endoplasms
  3 giant cockroaches
  7 goblins
  11 hobgoblins
  3 jackals (D:2)
  9 kobolds
  3 quokkas
  7 ball pythons
  5 bats
  4 frilled lizards
  9 rats
101 creatures vanquished.

Notes
Turn   | Place    | Note
-------+----------+-------------------------------------------
     0 | D:1      | Eitelfritz the Hill Orc Fighter began the quest for the
                  | Orb.
     0 | D:1      | Reached XP level 1. HP: 19/19 MP: 1/1
   165 | D:1      | Reached XP level 2. HP: 19/27 MP: 2/2
   247 | D:1      | Reached skill level 3 in Axes
   632 | D:2      | Reached XP level 3. HP: 33/33 MP: 3/3
   826 | D:2      | Found a faded altar of an unknown god.
  1147 | D:3      | Found Tevox's Magic Scroll Emporium.
  1156 | D:3      | Bought a scroll of fog for 56 gold pieces
  1156 | D:3      | Bought a scroll of identify for 28 gold pieces
  1253 | D:3      | Reached XP level 4. HP: 40/40 MP: 4/4
  1312 | D:3      | Reached skill level 4 in Axes
  1620 | D:3      | Reached XP level 5. HP: 34/47 MP: 5/5
  2155 | D:3      | Bought a scroll of teleportation for 42 gold pieces
  2288 | D:4      | Reached skill level 5 in Axes
  2344 | D:4      | Noticed a wyvern
  2344 | D:4      | Noticed a steam dragon
  2397 | D:4      | Found a staircase to the Ecumenical Temple.
  2503 | Temple   | Entered the Ecumenical Temple
  2561 | Temple   | Became a worshipper of Hepliaklqana the Forgotten
  2770 | D:4      | Noticed an orc warrior
  2785 | D:4      | Killed an orc warrior
  2786 | D:4      | Reached skill level 6 in Axes
  2786 | D:4      | Reached XP level 6. HP: 14/55 MP: 6/6
  3303 | D:3      | Bought a scroll of immolation for 56 gold pieces
  3339 | D:5      | Entered Level 5 of the Dungeon
  3341 | D:5      | Noticed an ice beast
  3350 | D:5      | Killed an ice beast
  3351 | D:5      | Reached skill level 5 in Fighting
  3351 | D:5      | Reached skill level 1 in Dodging
  3351 | D:5      | Reached XP level 7. HP: 61/61 MP: 7/7
  3393 | D:5      | Slain by an ogre

Illustrated notes

Levels and vault maps discovered:
D:1:      spicycebolla_arrival_transporter_tutorial, layout_loops_ring
D:2:      layout_basic, dreamdust_ecumenical_altar_statues
D:3:      minmay_wonky_spiral, layout_basic, serial_shops,
          nicolae_shop_tiny_statue_garden
D:4:      layout_loops_ring, minmay_temple_entry_trees, st_stairs_14,
          grunt_decor_cap, chequers_serial_rivers_small_3,
          hangedman_decor_peaks_small, lightli_corner_chamber
D:5:      layout_basic, cheibrodos_sewer_entry_sluice, uniq_prince_ribbit1
Temple:   compressed_dpeg_circular_temple

Skill      XL: |  1  2  3  4  5  6 |
---------------+-------------------+-----
Axes           | 3 4 6 |  6.9
Fighting       | 4 5 |  5.0
Armour         | 4 |  4.6
Dodging        | 1 |  1.0
Stealth        | |  0.5
Shields        | |  3.9

Action                     |  1- 3 |  4- 6 |  7- 9 || total
---------------------------+-------+-------+-------++-------
  Melee: War axe           |   116 |   133 |    12 ||   261
  Throw: Dart              |       |       |     1 ||     1
    Use: Scroll            |       |     7 |       ||     7
         Potion            |       |     2 |       ||     2
 Armour: Scale mail        |    60 |    67 |       ||   127
  Dodge: Dodged            |    60 |    62 |     4 ||   126
  Block: Buckler           |    16 |    30 |     1 ||    47
